 Dungeon Crawl Stone Soup version 0.28.0-45-g0d030f2227 (webtiles) character file.

Game seed: 3190978698617158731

32 GreyArmor the Poker (level 3, 0/28 HPs)
             Began as a Merfolk Gladiator on Apr 10, 2022.
             Slain by a quokka (3 damage)
             ... on level 2 of the Dungeon.
             The game lasted 00:10:11 (2510 turns).

GreyArmor the Poker (Merfolk Gladiator)             Turns: 2510, Time: 00:10:11

Health: 0/28       AC:  4    Str: 13 (16) XL:     3   Next: 25%
Magic:  3/3        EV: 13    Int:  5 (7)  God:
Gold:   51         SH:  0    Dex: 13 (15) Spells: 2/2 levels left

rFire   . . .      SeeInvis .   a - +0 trident
rCold   . . .      Faith    .   (no shield)
rNeg    . . .      Spirit   .   b - +0 leather armour
rPois   .          Reflect  .   c - +0 helmet
rElec   .          Harm     .   (no cloak)
rCorr   .          Rampage  .   (no gloves)
Will    .....                   (no boots)
Stlth   +.........              (no amulet)
HPRegen 0.09/turn               (no ring)
MPRegen 0.08/turn               (no ring)

@: lethally poisoned (0 -> -3), flying
A: (nimble swimmer 2), mertail
a: no special abilities


You were on level 2 of the Dungeon.
You visited 1 branch of the dungeon, and saw 2 of its levels.

You collected 51 gold pieces.

Inventory:

Hand Weapons
 a - a +0 trident (weapon)
 e - a +0 dagger
 f - a +0 dagger
 i - a +0 club
Missiles
 d - 3 throwing nets (quivered)
 g - 47 stones
 h - 24 arrows
Armour
 b - a +0 leather armour (worn)
 c - a +0 helmet (worn)
Scrolls
 k - a scroll of enchant weapon {unknown}


   Skills:
 + Level 2.6 Fighting
 + Level 5.3 Polearms
 + Level 2.2 Throwing
 + Level 0.1 Armour
 + Level 4.3 Dodging


You had 2 spell levels left.
You didn't know any spells.
Your spell library contained the following spells:

 Spells                   Type           Power      Damage    Failure   Level
 Slow                     Hex            0%         N/A       56%         1
 Confusing Touch          Hex            0%         N/A       90%         3
 Vampiric Draining        Necr           0%         2d6       90%         3


Dungeon Overview and Level Annotations

Branches:
Dungeon (2/15)

Altars:

Shops:
D:2 [


Innate Abilities, Weirdness & Mutations

((You are very nimble when in or above water. (Stealth+, EV+, Speed+++)))
Your lower body shifts to a powerful aquatic tail in water.


Message History

The adder is lightly wounded.
The adder bites you. The adder bites you but does no damage.
You closely miss the adder.
The adder is lightly wounded.
The adder completely misses you. The quokka misses you.
The adder bites you but does no damage. The quokka bites you.
The adder misses you.
You hit the adder.
The adder is moderately wounded.
The adder bites you.
You are poisoned.
The adder poisons you! The quokka barely misses you.
You closely miss the adder.
The adder is moderately wounded.
You feel sick. The adder bites you.
You are more poisoned.
The adder poisons you! The quokka bites you.
You closely miss the adder.
The adder is moderately wounded.
You feel very sick. The adder bites you. The quokka closely misses you.
The adder closely misses you.
You feel sick. The quokka bites you.
* * * LOW HITPOINT WARNING * * *
You hit the quokka.
The quokka is heavily wounded.
* * * LOW HITPOINT WARNING * * *
You feel sick. The adder barely misses you. The quokka barely misses you.
You closely miss the quokka.
The quokka is heavily wounded.
* * * LOW HITPOINT WARNING * * *
You feel sick. The adder completely misses you. The quokka misses you.
The adder misses you.
It was a potion of flight.
You feel very buoyant.
You fly up into the air.
* * * LOW HITPOINT WARNING * * *
You feel sick. The quokka bites you.
You die...

............
.....<......
..........#.#
....$........#
#....$.......#
#.........$.##
#.........g..#
##........Sr#...#
...[.....†.@#####
#..........#
#.$........##♣♣♣
#..............♣.♣
#########.......♣
.............♣♣
..###.......♣♣ .
######..#.....##♣♣
.. #.............#


You could see an adder, a quokka and a hobgoblin.

Vanquished Creatures
  A dart slug (D:2)
  5 ball pythons (D:1)
  4 endoplasms
  2 giant cockroaches (D:1)
  A goblin (D:1)
  5 hobgoblins (D:1)
  A quokka (D:1)
  A frilled lizard (D:1)
  3 kobolds (D:1)
  2 rats (D:1)
25 creatures vanquished.

Notes
Turn   | Place    | Note
-------+----------+-------------------------------------------
     0 | D:1      | GreyArmor the Merfolk Gladiator began the quest for the
                  | Orb.
     0 | D:1      | Reached XP level 1. HP: 16/16 MP: 1/1
   320 | D:1      | Reached XP level 2. HP: 9/22 MP: 2/2
  1191 | D:1      | Reached skill level 5 in Polearms
  1687 | D:1      | Reached XP level 3. HP: 26/28 MP: 3/3
  2447 | D:2      | Found Jitaij Mian's Antique Armour Boutique.
  2510 | D:2      | Slain by a quokka

Illustrated notes

Levels and vault maps discovered:
D:1:      co_arrival_square_in_a_square_in_a_square, layout_basic
D:2:      layout_rooms, hellmonk_ecumenical_altar_pennies_from_heaven,
          serial_shops, nicolae_shop_hallway_plus, kennysheep_generic_room_12,
          uniq_crazy_yiuf_cottage

Skill      XL: |  1  2 |
---------------+-------+-----
Polearms       | 5 |  5.3
Fighting       | |  2.6
Throwing       | |  2.2
Armour         | |  0.1
Dodging        | |  4.3

Action                   || total
-------------------------++-------
Melee: Trident           ||    88
  Use: Scroll            ||     1
       Potion            ||     2
 Stab: Distracted        ||     1
Armor: Leather armour    ||    20
Dodge: Dodged            ||    57
